 Dungeon Sprint DCSS version 0.22.1-2-g9c5b331383 (webtiles) character file.

2956 Groucho the Basher (level 10, -6/80 HPs)
             Began as a Formicid Fighter on Dec 15, 2018.
             Was a High Priest of Cheibriados.
             Mangled by an eight-headed hydra (12 damage)
             ... in the Dungeon (Sprint IX: "|||||||||||||||||||||||||||||").
             The game lasted 00:04:41 (1432 turns).

Groucho the Basher (Formicid Fighter)               Turns: 1432, Time: 00:04:42

Health: -6/80      AC: 15    Str: 32    XL:     10   Next: 8%
Magic:  12/17      EV: 14    Int: 19    God:    Cheibriados [*****.]
Gold:   0          SH: 15    Dex: 24    Spells: 9/9 levels left

rFire    . . .     SeeInvis +   a - +0 flail
rCold    + . .     Gourm    .   c - +0 shield
rNeg     . . .     Faith    .   r - +1 chain mail {rC+}
rPois    .         Spirit   .   (helmet unavailable)
rElec    .         Reflect  .   (no cloak)
rCorr    .         Harm     .   q - +0 pair of gloves
MR       +....                  (no boots)
Stlth    ..........             (no amulet)
HPRegen  0.23/turn              b - +2 ring of protection
MPRegen  0.15/turn              (no ring)

@: very slow
A: permanent stasis, dig shafts and tunnels, four strong arms, antennae 3
a: Dig, Bend Time, Temporal Distortion, Slouch, Step From Time, Renounce
Religion


You were in the Dungeon.
You worshipped Cheibriados.
Cheibriados was extremely pleased with you.
You were not hungry.

You visited 1 branch

Inventory:

Hand Weapons
 a - a +0 flail (weapon)
 p - a +3 war axe of freezing
Armour
 c - a +0 shield (worn)
 q - a +0 pair of gloves (worn)
 r - a +1 chain mail of cold resistance (worn)
Jewellery
 b - a +2 ring of protection (left hand)
 s - a +3 ring of intelligence
Wands
 o - a wand of acid (10)
Scrolls
 k - 3 scrolls of blinking
 m - 5 scrolls of remove curse
 n - 2 scrolls of amnesia
 t - 4 scrolls of enchant weapon
Potions
 d - a potion of might
 e - 3 potions of heal wounds
 f - 2 potions of resistance
 g - 2 potions of agility
 h - a potion of haste
 i - 4 potions of magic
 j - a potion of berserk rage
 l - 4 potions of curing


   Skills:
 + Level 8.2 Fighting
 * Level 13.8 Maces & Flails
 + Level 8.2 Armour
 + Level 5.9 Dodging
 + Level 11.3 Shields
 + Level 10.4 Invocations


You had 9 spell levels left.
You didn't know any spells.
Your spell library was empty.

Dungeon Overview and Level Annotations

Branches:
Dungeon (1/1)

Altars:
Cheibriados
Dithmenos
Elyvilon
Fedhas
Gozag
Hepliaklqana
Kikubaaqudgha
Makhleb
Nemelex Xobeh
Okawaru
Qazlal
Ru
Sif Muna
Trog
Uskayaw
Vehumet
Wu Jian
Xom
Yredelemnul
Zin
The Shining One
Beogh
Jiyva
Lugonu


Innate Abilities, Weirdness & Mutations

You cannot be hasted, slowed, berserked, paralysed or teleported.
You can dig through walls and to a lower floor.
Your four strong arms can wield two-handed weapons with a shield.
You have a pair of large antennae on your head. (SInv)


Message History

The eight-headed hydra completely misses you.
The eight-headed hydra bites you!
You can feel time thicken for a moment.
You kill the porcupine!
Cheibriados appreciates the change of pace.
You kill the bullfrog!
Cheibriados thoroughly appreciates the change of pace.
Cheibriados raises the support of your attributes as your movement slows.
You feel somewhat more hungry.
Cheibriados lowers the support of your attributes as your movement quickens.
The eight-headed hydra bites you!
* * * LOW HITPOINT WARNING * * *
The eight-headed hydra bites you.
* * * LOW HITPOINT WARNING * * *
The eight-headed hydra bites you but does no damage.
The eight-headed hydra bites you.
* * * LOW HITPOINT WARNING * * *
The eight-headed hydra closely misses you.
The eight-headed hydra bites you!
You die... {{{{{{{{{ {{{{{{{{{{{{{ ▓▓▓▓▓▓▓▓▓▓▓▓▓▓▓▓▓▓▓▓▓▓▓▓ {{{{{

{{ ....†DD@....):......'...
▓▓▓▓▓▓▓▓▓▓▓▓▓▓▓▓▓▓▓▓▓▓▓▓▓▓▓▓▓▓▓▓▓
.................................
▓▓▓▓▓▓▓▓▓▓▓▓▓▓▓▓▓▓▓▓▓▓▓▓▓▓▓▓▓▓▓▓▓
____________________'.....†.....)
▓▓▓▓▓▓▓▓▓▓▓▓▓▓▓▓▓▓▓▓▓▓▓▓▓▓▓▓▓▓▓▓▓


You could see an eight-headed hydra and a seven-headed hydra.

Vanquished Creatures
  A centaur warrior (D)
  An ugly thing (D)
  2 komodo dragons (D)
  A troll (D)
  A hippogriff (D)
  A yak (D)
  An acid dragon (D)
  2 porcupines (D)
  A sky beast (D)
  A black bear (D)
  2 ogres (D)
  2 bullfrogs (D)
  A scorpion (D)
  A howler monkey (D)
  A crimson imp (D)
  A hound (D)
  2 shadow imps (D)
  An adder skeleton (D)
  An adder zombie (D)
  A hobgoblin (D)
  A jackal (D)
  2 kobolds (D)
  A goblin (D)
29 creatures vanquished.

Notes
Turn   | Place    | Note
-------+----------+-------------------------------------------
     0 | D        | Groucho the Formicid Fighter began the quest for the Orb.
     0 | D        | Reached XP level 1. HP: 18/18 MP: 1/1
   205 | D        | Noticed a crimson imp
   205 | D        | Noticed a hound
   205 | D        | Noticed a howler monkey
   209 | D        | Reached skill level 4 in Maces & Flails
   209 | D        | Reached XP level 2. HP: 25/25 MP: 2/2
   215 | D        | Killed a howler monkey
   215 | D        | Reached skill level 6 in Maces & Flails
   215 | D        | Reached XP level 3. HP: 24/30 MP: 3/3
   215 | D        | Reached XP level 4. HP: 30/37 MP: 4/4
   236 | D        | Reached skill level 7 in Maces & Flails
   245 | D        | Reached skill level 8 in Maces & Flails
   249 | D        | Reached skill level 9 in Maces & Flails
   249 | D        | Reached XP level 5. HP: 21/42 MP: 5/5
   257 | D        | Found a roughly hewn altar of Beogh.
   257 | D        | Found a snail-covered altar of Cheibriados.
   257 | D        | Found a shadowy altar of Dithmenos.
   257 | D        | Found a white marble altar of Elyvilon.
   257 | D        | Found a blossoming altar of Fedhas.
   257 | D        | Found an opulent altar of Gozag.
   258 | D        | Found a hazy altar of Hepliaklqana.
   259 | D        | Found a viscous altar of Jiyva.
   260 | D        | Found an ancient bone altar of Kikubaaqudgha.
   261 | D        | Became a worshipper of Cheibriados the Contemplative
   262 | D        | Found a corrupted altar of Lugonu.
   263 | D        | Found a burning altar of Makhleb.
   264 | D        | Found a sparkling altar of Nemelex Xobeh.
   265 | D        | Found an iron altar of Okawaru.
   266 | D        | Found a stormy altar of Qazlal.
   267 | D        | Found a sacrificial altar of Ru.
   268 | D        | Found a deep blue altar of Sif Muna.
   269 | D        | Found a bloodstained altar of Trog.
   270 | D        | Found a hide-covered altar of Uskayaw.
   271 | D        | Found a radiant altar of Vehumet.
   272 | D        | Found an ornate altar of the Wu Jian Council.
   273 | D        | Found a shimmering altar of Xom.
   666 | D        | Found a basalt altar of Yredelemnul.
   667 | D        | Found a glowing silver altar of Zin.
   668 | D        | Found a glowing golden altar of the Shining One.
   723 | D        | Noticed a bullfrog
   723 | D        | Noticed an ogre
   723 | D        | Noticed an ogre
   723 | D        | Noticed a sky beast
   723 | D        | Noticed a black bear
   730 | D        | Killed a black bear
   730 | D        | Reached skill level 10 in Maces & Flails
   730 | D        | Reached XP level 6. HP: 48/48 MP: 5/9
   733 | D        | Reached * piety under Cheibriados
   737 | D        | Killed a sky beast
   737 | D        | Reached skill level 5 in Invocations
   743 | D        | Killed an ogre
   743 | D        | Reached XP level 7. HP: 35/53 MP: 6/12
   749 | D        | Reached skill level 11 in Maces & Flails
   749 | D        | Reached skill level 1 in Dodging
   757 | D        | Reached ** piety under Cheibriados
   761 | D        | Noticed an acid dragon
   761 | D        | Noticed a centaur warrior
   761 | D        | Noticed a troll
   761 | D        | Noticed a white ugly thing
   779 | D        | Killed a purple ugly thing
   779 | D        | Reached skill level 5 in Fighting
   779 | D        | Reached skill level 12 in Maces & Flails
   779 | D        | Reached skill level 5 in Armour
   779 | D        | Reached XP level 8. HP: 35/64 MP: 10/14
   785 | D        | Killed a troll
   785 | D        | Reached *** piety under Cheibriados
   797 | D        | Killed a centaur warrior
   797 | D        | Reached skill level 10 in Shields
   797 | D        | Reached XP level 9. HP: 25/71 MP: 13/16
   801 | D        | Reached **** piety under Cheibriados
   809 | D        | Reached skill level 13 in Maces & Flails
  1371 | D        | Noticed a komodo dragon
  1371 | D        | Noticed a komodo dragon
  1371 | D        | Noticed a hippogriff
  1374 | D        | Noticed an eight-headed hydra
  1384 | D        | Killed a hippogriff
  1384 | D        | Reached skill level 5 in Dodging
  1390 | D        | Noticed a seven-headed hydra
  1404 | D        | Killed a komodo dragon
  1404 | D        | Reached skill level 10 in Invocations
  1416 | D        | Reached ***** piety under Cheibriados
  1426 | D        | Killed a komodo dragon
  1426 | D        | Reached XP level 10. HP: 33/80 MP: 17/17
  1432 | D        | Mangled by an eight-headed hydra

Skill      XL: |  1  2  3  4  5  6  7  8  9 |
---------------+----------------------------+-----
Shields        | 4 6 8 9 10 11 | 11.3
Maces & Flails | 4 6 9 10 12 13 | 13.8
Invocations    | 4 7 8 9 10 | 10.4
Fighting       | 5 6 8 |  8.2
Armour         | 5 6 8 |  8.2
Dodging        | 3 4 5 |  5.9

Action                   |  1- 3 |  4- 6 |  7- 9 | 10-12 || total
-------------------------+-------+-------+-------+-------++-------
Melee: Flail             |    26 |    48 |   111 |     4 ||   189
Invok: Slouch            |       |       |     1 |     1 ||     2
  Use: Potion            |       |     3 |     2 |     1 ||     6
 Stab: Invisible         |       |     4 |     3 |       ||     7
  Eat: Ration            |       |       |     1 |       ||     1
Armor: Scale mail        |     7 |    18 |       |       ||    25
       Chain mail        |       |    10 |    27 |     7 ||    44
Dodge: Dodged            |     7 |    12 |    29 |     7 ||    55
Block: Shield            |    11 |    20 |    43 |    13 ||    87
